 Dungeon Crawl Stone Soup version 0.24-a0-290-gbb66a672fa (webtiles) character file.

Game seed: 13691175420548828585

22 Roikka the Skirmisher (level 2, 0/24 HPs)
             Began as a Demonspawn Abyssal Knight on May 8, 2019.
             Was a Follower of Lugonu.
             Succumbed to a gnoll's poison
             ... on level 1 of the Dungeon.
             The game lasted 00:02:05 (337 turns).

Roikka the Skirmisher (Demonspawn Abyssal Knight)    Turns: 337, Time: 00:02:05

Health: 0/24       AC:  6    Str: 12    XL:     2   Next: 68%
Magic:  4/4        EV:  9    Int: 13    God:    Lugonu [*.....]
Gold:   11         SH:  0    Dex: 12    Spells: 1/1 levels left

rFire    . . .     SeeInvis .   a - +1 mace
rCold    . . .     Gourm    .   (no shield)
rNeg     . . .     Faith    .   f - +0 scale mail
rPois    .         Spirit   .   (helmet restricted)
rElec    .         Reflect  .   (no cloak)
rCorr    .         Harm     .   (no gloves)
MR       .....                  (no boots)
Stlth    ..........             (no amulet)
HPRegen  0.08/turn              (no ring)
MPRegen  0.09/turn              (no ring)

@: lethally poisoned (0 -> -9), flying
A: antennae 1
a: Depart the Abyss, Renounce Religion


You were on level 1 of the Dungeon.
You worshipped Lugonu.
Lugonu was aware of your devotion.
You were not hungry.

You visited 1 branch of the dungeon, and saw 1 of its levels.
You visited the Abyss 1 time.

You collected 11 gold pieces.

Inventory:

Hand Weapons
 a - a +1 mace (weapon)
 g - a +2 spear of venom
Armour
 f - a +0 scale mail (worn)
Comestibles
 c - 2 rations
 d - a chunk of flesh


   Skills:
 + Level 3.2 Fighting
 * Level 2.3 Maces & Flails
 + Level 2.0 Armour
 - Level 1.0 Dodging
 + Level 2.8 Invocations


You had one spell level left.
You didn't know any spells.
Your spell library was empty.

Dungeon Overview and Level Annotations

Branches:
Dungeon (1/15)

Altars:


Innate Abilities, Weirdness & Mutations

You have a pair of small antennae on your head.


Message History

You feel very buoyant.
You fly up into the air.
* * * LOW HITPOINT WARNING * * *
You feel sick.
As you read the scroll labeled ASAZAT WESHRAPH, it crumbles to dust.
You feel strangely unstable.
It was a scroll of teleportation.
* * * LOW HITPOINT WARNING * * *
You feel sick.
* * * LOW HITPOINT WARNING * * *
You feel sick.
Your surroundings suddenly seem different.
* * * LOW HITPOINT WARNING * * *
You feel sick.
* * * LOW HITPOINT WARNING * * *
You feel sick.
* * * LOW HITPOINT WARNING * * *
You feel sick.
* * * LOW HITPOINT WARNING * * *
You feel sick.
You die...

♣♣..♣♣≈≈≈≈≈≈≈≈≈.....♣
♣.<......÷..........♣♣
♣♣..♣♣≈≈≈≈≈≈.........♣♣
♣♣♣♣≈≈≈..............♣♣
≈≈≈≈.................♣♣
.......########........♣
........#≈≈≈≈≈.#....#'##♣
#########≈≈≈≈≈.######..#♣
#8#@≈≈...'....'..#♣ ≈
#.#......######.8#♣ ≈≈
.####+##.##'##### #### ≈≈
..............#
≈≈##########..#######
≈≈≈≈≈≈ #..#
#.≈≈≈#######..#####
............(.....#
###.......#########


There were no monsters in sight!

Vanquished Creatures
  A gnoll (D:1)
  2 dart slugs (D:1)
  3 bats (D:1)
  2 ball pythons (D:1)
  A rat (D:1)
9 creatures vanquished.

Notes
Turn   | Place    | Note
-------+----------+-------------------------------------------
     0 | Abyss:1  | Roikka the Demonspawn Abyssal Knight began the quest for
                  | the Orb.
     0 | Abyss:1  | Reached XP level 1. HP: 18/18 MP: 2/2
    13 | D:1      | Escaped the Abyss
   151 | D:1      | Reached skill level 1 in Dodging
   204 | D:1      | Gained mutation: You have a pair of small antennae on your
                  | head. [demonic ancestry]
   204 | D:1      | Reached XP level 2. HP: 23/24 MP: 3/3
   336 | D:1      | HP: 1/24 [poisoned by a gnoll]
   337 | D:1      | Succumbed to a gnoll's poison

Levels and vault maps discovered:
D:1:      sevenhm_arrival_forest_fort_large_1, layout_rooms

Skill      XL: |  1  2 |
---------------+-------+-----
Dodging        | 1 |  1.0
Maces & Flails | 2 |  2.3
Armour         | 2 |  2.0
Fighting       | |  3.2
Invocations    | |  2.8

Action                   || total
-------------------------++-------
Melee: Mace              ||    23
  Use: Scroll            ||     1
       Potion            ||     1
 Stab: Sleeping          ||     1
Armor: Scale mail        ||     9
Dodge: Dodged            ||    13

Table legend:
 A = Non-vault XP
 B = Vault XP
 C = Vault XP percentage of total XP
 D = Non-vault monster count
 E = Vault monster count
 F = Vault count percentage of total count
                 A         B        C        D         E       F
            +---------+---------+-------+---------+---------+-------
      Total |      31 |       1 |   3.1 |       8 |       1 |  11.1
            +---------+---------+-------+---------+---------+-------
        D:1 |      31 |       1 |   3.1 |       8 |       1 |  11.1
            +---------+---------+-------+---------+---------+-------
